 Dungeon Crawl Stone Soup version 0.29-a0-41-g89e12c0570 (webtiles) character file.

Game seed: 5540752163110544545

65 Destapler the Grave Robber (level 3, 27/30 HPs)
             Began as a Deep Dwarf Necromancer on Feb 2, 2022.
             Was a Believer of Lugonu.
             Got out of the dungeon alive.
             The game lasted 00:09:41 (1926 turns).

Destapler the Grave Robber (Deep Dwarf Necromancer) Turns: 1926, Time: 00:09:42

Health: 27/30      AC:  3    Str: 13    XL:     3   Next: 94%
Magic:  6/6        EV: 12    Int: 15    God:    Lugonu [**....]
Gold:   43         SH:  0    Dex: 13    Spells: 2/6 levels left

rFire   . . .      SeeInvis .   i - +1 hand axe (freeze)
rCold   . . .      Faith    .   (no shield)
rNeg    . . .      Spirit   .   a - +0 robe
rPois   .          Reflect  .   (no helmet)
rElec   .          Harm     .   (no cloak)
rCorr   .          Rampage  .   (no gloves)
Will    .....                   c - +0 pair of boots
Stlth   ++........              (no amulet)
HPRegen 0.00/turn               (no ring)
MPRegen 0.10/turn               (no ring)

@: no status effects
A: damage resistance, heal wounds, sense surroundings 1, no regeneration
a: Heal Wounds, Renounce Religion, Depart the Abyss, Bend Space


You escaped.
You worshipped Lugonu.
Lugonu was pleased with you.
You visited 1 branch of the dungeon, and saw 2 of its levels.

You collected 43 gold pieces.

Inventory:

Hand Weapons
 i - a +1 hand axe of freezing (weapon)
Armour
 a - a +0 robe (worn)
 c - a +0 pair of boots (worn)
Scrolls
 d - a scroll of identify {unknown}
 f - 2 scrolls of fog {unknown}
Potions
 b - a potion of attraction {unknown}
 e - a potion of curing {unknown}
 g - 3 potions of heal wounds {unknown}
 h - a potion of berserk rage {unknown}


   Skills:
 + Level 0.5 Fighting
 + Level 0.8 Axes
 + Level 0.5 Armour
 + Level 2.3 Dodging
 + Level 2.7 Stealth
 + Level 1.1 Shields
 * Level 2.4 Spellcasting
 * Level 4.8 Necromancy
 + Level 0.4 Invocations


You had 2 spell levels left.
You knew the following spells:

 Your Spells              Type           Power      Damage    Failure   Level
a - Pain                  Necr           64%        1d7       3%          1
b - Vampiric Draining     Necr           16%        2d7       9%          3

Your spell library contained the following spells:

 Spells                   Type           Power      Damage    Failure   Level
 Animate Skeleton         Necr           32%        N/A       3%          1
 Animate Dead             Necr           8%         N/A       28%         4
 Agony                    Necr           16%        N/A       63%         5


Dungeon Overview and Level Annotations

Branches:
Dungeon (2/15)

Altars:
Lugonu


Innate Abilities, Weirdness & Mutations

You are resistant to damage.
You can heal yourself by infusing magical energy.
You passively map a small area around you.
You do not regenerate.


Message History

a +0 whip; a gnoll corpse You start resting.
Magic restored.
(D) Dungeon
Where to? (Enter - D:1 @ (x,y), ? - help)
There is a stone staircase leading down here.
There is a stone staircase leading up here.
You climb upwards.
There is a stone staircase leading down, spattered with blood here.
Okay, then.
You see here 5 stones.
There is an open door here.
There is an open door here.
There is an open door here.
There is a stone staircase leading down here.
You climb downwards.
There is a stone staircase leading up here.
There is a faded altar of an unknown god here.
You now have 43 gold pieces (gained 14).
There is a faded altar of an unknown god here.
You cannot tell which god this altar belongs to.
Convert to them anyway?
Lugonu accepts your prayer! Lugonu welcomes you!
You can now depart the Abyss.
You can now bend space around yourself.
Done exploring.
There is a stone staircase leading up here.
You climb upwards.
There is a stone staircase leading down here.
There is an open door here.
There is an open door here.
Things that are here:
a +0 whip; a kobold skeleton Done exploring.
(D) Dungeon
Where to? (Enter - D:1 @ (x,y), ? - help)
Okay, then.
There is an open door here.
There is a staircase leading out of the dungeon here.
Are you sure you want to leave the Dungeon?
This will make you lose the game!
You have escaped!

....#####.#..#'###...# #...'.###
###.# #.#..#.# ##.## #...#.#..
..#.#####.#..#.# #.# #####.#.#
.............#.# #.# #.#.#
#.#.......##.#.# #.# #.#.#
#.#########..#.# #.## #....
....#..........# ##.# #....
#.#.....###.####♣♣#♣.# #....
#.......# #.# ♣@...♣# #....
#.......###.# #♣..♣.♣# #....
#.#.#.......# #♣♣#♣.# ####.
#.############### ##.## #.
#.....# #....###.## ######.
##....# #....##..# #......
#....######....##.## #......
#....##........##.########.....#
##...##...................'......


There were no monsters in sight!

Vanquished Creatures
  A gnoll (D:2)
  2 adders
  A dart slug (D:1)
  3 bats
  3 endoplasms
  2 hobgoblins (D:2)
  4 jackals (D:1)
  5 kobolds
  A quokka (D:1)
  2 ball pythons (D:1)
  3 frilled lizards
  4 goblins
  4 rats
35 creatures vanquished.

Notes
Turn   | Place    | Note
-------+----------+-------------------------------------------
     0 | D:1      | Destapler the Deep Dwarf Necromancer began the quest for
                  | the Orb.
     0 | D:1      | Reached XP level 1. HP: 15/15 MP: 3/3
   218 | D:1      | Reached XP level 2. HP: 17/22 MP: 0/4
   994 | D:1      | Reached skill level 1 in Shields
   994 | D:1      | Reached XP level 3. HP: 22/28 MP: 6/6
  1071 | D:1      | Learned a level 3 spell: Vampiric Draining
  1515 | D:2      | Found a faded altar of an unknown god.
  1833 | D:2      | Prayed at the altar of an unknown god.
  1833 | D:2      | Became a worshipper of Lugonu the Unformed
  1833 | D:2      | Reached * piety under Lugonu
  1833 | D:2      | Reached ** piety under Lugonu
  1926 | D:$      | Got out of the dungeon alive.

Illustrated notes

Levels and vault maps discovered:
D:1:      pf_arrival_petrified_forest, layout_basic
D:2:      layout_rooms, nicolae_ecumenical_oubliette

Skill      XL: |  1  2 |
---------------+-------+-----
Spellcasting   | 2 |  2.4
Shields        | 1 |  1.1
Fighting       | |  0.5
Axes           | |  0.8
Armour         | |  0.5
Dodging        | |  2.3
Stealth        | |  2.7
Necromancy     | |  4.8
Invocations    | |  0.4

Action                   || total
-------------------------++-------
Melee: Whip              ||    38
       Hand axe          ||     2
       Punch             ||     1
 Cast: Pain              ||    39
       Vampiric Draining ||     7
 Abil: Heal Wounds       ||     1
  Use: Scroll            ||     1
 Stab: Sleeping          ||     5
Armor: Robe              ||     5
Dodge: Dodged            ||    45

Table legend: (Time is in decaauts)
 A = Elapsed time spent in this place.
 B = Non-inter-level travel time spent in this place.
 C = Inter-level travel time spent in this place.
 D = Time resting spent in this place.
 E = Time spent auto-exploring this place.
 F = Levels seen in this place.
 G = Mean time per level.
                   A        B        C        D        E       F      G
               +--------+--------+--------+--------+--------+-----+--------+
         Total |   1933 |   1731 |    202 |    236 |   1193 |   2 |  966.5 |
       Dungeon |   1933 |   1731 |    202 |    236 |   1193 |   2 |  966.5 |
               +--------+--------+--------+--------+--------+-----+--------+

Top non-repeatable levels by time:
     D:1: 1280 daAuts
     D:2: 652 daAuts
